 Dungeon Crawl Stone Soup version 0.17.1-3-g152610e (webtiles) character file.

2838 sveltemanboy the Cleaver (level 9, -4/72 HPs)
             Began as a Hill Orc Gladiator on Apr 28, 2016.
             Was a Follower of Beogh.
             Slain by a wight
             ... wielding a cursed +3 battleaxe
              (7 damage)
             ... on level 7 of the Dungeon.
             The game lasted 00:16:54 (7213 turns).

sveltemanboy the Cleaver (Hill Orc Gladiator)       Turns: 7213, Time: 00:16:54

Health: -4/72      AC: 14    Str: 21    XL:     9   Next: 74%
Magic:  11/12      EV: 12    Int:  8    God:    Beogh [*.....]
Gold:   421        SH:  0    Dex: 11    Spells: 0 memorised, 8 levels left

rFire  . . .     SeeInvis .     a - +0 war axe
rCold  . . .     Rnd*Rage +     t - +2 ring mail {rPois}
rNeg   + . .     SustAt   .     (no shield)
rPois  +         Gourm    .     (helmet restricted)
rElec  .         Spirit   .     (no cloak)
rCorr  .         Warding  +     (no gloves)
rMut   .         Stasis   .     x - +1 pair of boots
MR     .....                    k - amulet of warding
Stlth  +.........               (no ring)
                                o - +3 ring of protection

@: lethally poisoned (-4 -> -4), not resistant to hostile enchantments, very
unstealthy
A: antennae 1, berserk 1, blink, screaming 2, wild magic 1, MP-powered wands
a: Blink, Renounce Religion


You were on level 7 of the Dungeon.
You worshipped Beogh.
Beogh was aware of your devotion.
You were not hungry.

You visited 1 branch of the dungeon, and saw 7 of its levels.

You collected 421 gold pieces.

Inventory:

Hand Weapons
 a - a +0 war axe (weapon)
Missiles
 l - 2 throwing nets (quivered)
Armour
 c - a +0 helmet
 t - a +2 ring mail of poison resistance (worn)
 x - a +1 pair of boots (worn)
Jewellery
 k - an amulet of warding (around neck)
 m - the ring "Uquexum" {rElec rPois Str-4 Dex+2}
   (You found it on level 6 of the Dungeon)

   [ring of poison resistance]

   It affects your strength (-4).
   It affects your dexterity (+2).
   It insulates you from electricity.
   It protects you from poison.
 o - a +3 ring of protection (left hand)
Wands
 i - a wand of invisibility (3)
Scrolls
 b - a scroll of immolation {unknown}
 d - 2 scrolls of fear {unknown}
 f - 6 scrolls of remove curse
 g - a scroll of blinking {unknown}
 h - a scroll of enchant armour
 j - 3 scrolls of identify
 q - 2 scrolls of magic mapping {unknown}
 u - 5 scrolls of teleportation {unknown}
 v - a scroll of fog
Potions
 n - a potion of brilliance
 z - a potion of cancellation
 B - a potion of flight
Comestibles
 e - 3 bread rations
 p - 3 chunks of flesh
 w - 3 meat rations


   Skills:
 + Level 4.7 Fighting
 * Level 12.9 Axes
 - Level 1.7 Throwing
 - Level 6.2 Armour
 - Level 4.0 Dodging
 + Level 4.6 Invocations


You had 8 spell levels left.
You didn't know any spells.

Dungeon Overview and Level Annotations

Branches:
Dungeon (7/15)             Temple (0/1) D:4

Altars:
Cheibriados
Elyvilon
Makhleb
Okawaru


Innate Abilities, Weirdness & Mutations

You have a pair of small antennae on your head.
You tend to lose your temper in combat.
You can translocate small distances at will.
You sometimes yell uncontrollably at your foes.
Your spells are a little harder to cast, but a little more powerful.
You expend magic power (3 MP) to strengthen your wands.


Message History

The wight is moderately damaged.
You hit the wight but do no damage.
The wight is moderately damaged.
You slash the wight!
You destroy the wight!
Beogh accepts your kill. The wight closely misses you.
You slash the wight!
You destroy the wight!
Beogh accepts your kill.
You hit the wight but do no damage.
The wight is moderately damaged.
The wight barely misses you.
Things that are here:
a spear of venom; a robe You hit the wight but do no damage.
The wight is moderately damaged.
You feel sick.
The wight hits you with an enchanted battleaxe!
You die...

♣.._..♣♣♣♣♣♣..♣#..##....###...#
♣............♣##..##...........
♣............♣#.......#####....
♣...........♣##.......#.#....#.
♣♣.........♣♣#........#......#.
#♣♣♣....♣♣###........#.#.####.
#♣♣♣♣###..........# #......
..######)$.z).......# ######.
.......)..#)@.......# #.
..##.#.)).########'## #.
#.....#..# .# .######.
#.#####..# ).....'. ##.#
#########. #.. ..<....... #...
....####.. ....# . #.. .#.. #..


You could see a wight.

Vanquished Creatures
  The ghost of sveltemanboy the Cleaver, a novice HOGl (D:7)
  Sigmund (D:3)
  Eustachio (D:5)
  The ghost of ThereIsNoGod the Cudgeler, an amateur DsGl (D:3)
  Menkaure (D:4)
  Edmund (D:4)
  A phantom (D:4)
  An orc warrior (D:7)
  A sky beast (D:7)
  Blork the orc (D:4)
  7 giant frogs
  A scorpion (D:5)
  4 wights (D:7)
  4 crimson imps
  2 jellies
  A centaur skeleton (D:6)
  4 orc wizards
  Terence (D:3)
  6 worker ants
  Robin (D:3)
  A shadow imp (D:6)
  7 adders
  2 oozes (D:3)
  An adder skeleton (D:7)
  4 worms
  3 giant geckos (D:1)
  21 orcs
  A ball python (D:4)
  8 bats
  3 giant cockroaches
  20 goblins
  8 hobgoblins
  2 quokkas
  7 giant newts
  6 jackals
  6 kobolds
  A quokka zombie (D:6)
  8 rats
150 creatures vanquished.

Vanquished Creatures (others)
  An orc priest (D:3)
  A rat (D:3)
2 creatures vanquished.

Grand Total: 152 creatures vanquished

Notes
Turn   | Place    | Note
--------------------------------------------------------------
     0 | D:1      | sveltemanboy the Hill Orc Gladiator began the quest for the Orb.
     0 | D:1      | Reached XP level 1. HP: 18/18 MP: 1/1
   283 | D:1      | Reached XP level 2. HP: 5/25 MP: 2/2
   399 | D:1      | Reached skill level 1 in Armour
   819 | D:1      | Reached skill level 5 in Axes
   819 | D:1      | Reached XP level 3. HP: 19/30 MP: 3/3
  1954 | D:2      | Reached XP level 4. HP: 37/37 MP: 4/4
  2264 | D:3      | Noticed Sigmund
  2605 | D:3      | You fall through a shaft for 3 floors!
  2605 | D:6      | Noticed a giant frog
  2612 | D:6      | Killed a giant frog
  2612 | D:6      | Reached skill level 6 in Axes
  2612 | D:6      | Reached XP level 5. HP: 36/45 MP: 5/5
  2761 | D:6      | Reached skill level 7 in Axes
  2833 | D:6      | Found an iron altar of Okawaru.
  2867 | D:6      | Got a scorched turquoise ring
  2913 | D:6      | Identified the ring "Uquexum" {rElec rPois Str-4 Dex+2} (You found it on level 6 of the Dungeon)
  2917 | D:6      | Found a burning altar of Makhleb.
  2953 | D:6      | Noticed a giant frog
  2962 | D:6      | Killed a giant frog
  2962 | D:6      | Reached XP level 6. HP: 45/51 MP: 6/6
  3158 | D:6      | Noticed a giant frog
  3171 | D:6      | Noticed a giant frog
  3173 | D:6      | Killed a giant frog
  3173 | D:6      | Reached skill level 8 in Axes
  3175 | D:6      | Killed a giant frog
  3211 | D:6      | Reached XP level 7. HP: 39/57 MP: 7/7
  3333 | D:5      | Entered Level 5 of the Dungeon
  3577 | D:5      | Reached skill level 9 in Axes
  3796 | D:4      | Noticed Menkaure
  3803 | D:4      | Noticed Edmund
  3804 | D:4      | Killed Menkaure
  3822 | D:4      | Killed Edmund
  3822 | D:4      | Reached skill level 5 in Armour
  4030 | D:4      | Reached skill level 10 in Axes
  4030 | D:4      | Reached XP level 8. HP: 29/63 MP: 8/8
  4262 | D:3      | Noticed ThereIsNoGod's ghost (amateur DsGl)
  4291 | D:3      | Killed ThereIsNoGod's ghost
  4384 | D:3      | Killed Sigmund
  4519 | D:3      | Found a faded altar to an unknown god.
  4520 | D:3      | Noticed Terence
  4522 | D:3      | Noticed Robin
  4526 | D:3      | Became a worshipper of Beogh the Brigand
  4535 | D:3      | Killed Terence
  4552 | D:3      | Killed Robin
  4999 | D:4      | Found an iron altar of Okawaru.
  5059 | D:4      | Reached skill level 11 in Axes
  5075 | D:4      | Noticed Blork the orc
  5091 | D:4      | Killed Blork the orc
  5184 | D:4      | Reached * piety under Beogh
  5262 | D:4      | Found a staircase to the Ecumenical Temple.
  5886 | D:5      | Noticed Eustachio
  5930 | D:5      | Killed Eustachio
  5930 | D:5      | Reached skill level 1 in Invocations
  5930 | D:5      | Reached XP level 9. HP: 66/69 MP: 8/10
  6027 | D:5      | Found a snail-covered altar of Cheibriados.
  6628 | D:7      | Gained mutation: You occasionally shout uncontrollably at your foes. [potion of mutation]
  6628 | D:7      | Gained mutation: Your magical capacity is low (-10% MP). [potion of mutation]
  6628 | D:7      | Gained mutation: You tend to lose your temper in combat. [potion of mutation]
  6963 | D:7      | Reached skill level 12 in Axes
  7109 | D:7      | Gained mutation: You have a pair of small antennae on your head. [mutagenic meat]
  7110 | D:7      | Gained mutation: You sometimes yell uncontrollably at your foes. [mutagenic meat]
  7114 | D:7      | Gained mutation: You expend magic power (3 MP) to strengthen your wands. [mutagenic meat]
  7115 | D:7      | Gained mutation: Your spells are a little harder to cast, but a little more powerful. [mutagenic meat]
  7116 | D:7      | Lost mutation: Your magical capacity is low (-10% MP). [mutagenic meat]
  7117 | D:7      | Gained mutation: You can translocate small distances at will. [mutagenic meat]
  7147 | D:7      | Found a white marble altar of Elyvilon.
  7187 | D:7      | Noticed sveltemanboy's ghost (novice HOGl)
  7206 | D:7      | Killed sveltemanboy's ghost
  7209 | D:7      | HP: 3/72 [poisoned by a wight]
  7213 | D:7      | Slain by a wight

Action                   |  1- 3 |  4- 6 |  7- 9 || total
-------------------------+-------+-------+-------++-------
Melee: War axe           |   111 |   104 |   430 ||   645
Throw: Throwing net      |     7 |     3 |     2 ||    12
Invok: Convert to Beogh  |       |       |     1 ||     1
  Use: Scroll            |       |       |    10 ||    10
       Potion            |       |       |     5 ||     5
 Stab: Held in net/web   |       |       |     4 ||     4
       Invisible         |       |       |     2 ||     2
  Eat: Chunk             |     3 |     1 |    17 ||    21
       Bread ration      |       |     1 |       ||     1
       Pizza             |       |       |     1 ||     1
